Map: Emerald City LE

Players

qqq

  • Race: Zerg Zerg
  • League: Platinum
  • Spawn Location: 11:00

Massa

  • Race: Terran Terran
  • League: Platinum
  • Spawn Location: 11:00

Furnus - Winner!

  • Race: Zerg Zerg
  • League: Platinum
  • Spawn Location: 5:00

Gamme - Winner!

  • Race: Zerg Zerg
  • League: Diamond
  • Spawn Location: 5:00

VOD

Have the link to the VOD?

Description

Time

  • Played on: Nov. 27, 2020, 3:23 p.m.
  • Length: 12:11
Show
View Real Time Build Order
Export as new Build Order

qqq Zerg 

Build Orders: Hatch First 

Get SALT Encoding   

  12  0:01  Drone  
  13  0:09  Drone  
  14  0:39  Hatchery  
  13  0:44  Drone  
  13  0:48  Overlord  
  14  1:08  Spawning Pool  
  14  1:09  Drone  
  14  1:16  Drone  
  15  1:19  Extractor  
  15  1:20  Drone  
  15  1:28  Drone  
  16  1:43  Drone x2  
  19  2:01  Drone  
  19  2:02  Queen  
  19  2:03  Queen  
  19  2:07  Drone  
  24  2:11  Drone  
  25  2:16  Drone  
  25  2:21  Zergling x2  
  27  2:23  Zergling x2  
  28  2:32  Overlord  
  28  2:37  Metabolic Boost  
  28  2:56  Zergling x2  
  28  2:57  Drone x3, Zergling x4  
  34  3:07  Baneling Nest  
  34  3:11  Zergling x4  
  34  3:12  Drone  
  36  3:18  Overlord x2  
  36  3:27  Overlord  
  36  3:32  Lair  
  36  3:36  Overlord  
  36  3:40  Zergling x2  
  37  3:43  Zergling x4  
  39  3:49  Zergling x2  
  39  3:50  Zergling x2  
  39  3:51  Zergling x2  
  42  3:56  Baneling x3  
  42  4:02  Zergling x2  
  42  4:06  Drone, Overlord  
  42  4:07  Zergling x2  
  44  4:17  Baneling  
  44  4:18  Baneling x2  
  45  4:24  Zergling x4  
  45  4:25  Drone, Zergling x2  
  43  4:45  Zergling x8  
  47  4:56  Drone  
  45  5:25  Zergling x8  
  45  5:26  Drone, Zergling x4  
  45  5:27  Drone x4  
  45  5:38  Zergling x4  
  45  5:39  Zergling x2  
  45  5:47  Spire  
  45  5:48  Zergling x2  
  45  5:54  Baneling x2  
  45  5:56  Baneling  
  45  5:57  Drone  
  45  5:58  Drone x3  
  49  6:04  Extractor  
  49  6:05  Extractor  
  49  6:06  Drone  
  49  6:07  Drone x2, Extractor  
  40  6:24  Zergling x8  
  40  6:25  Drone x4  
  44  6:26  Drone  
  47  6:33  Zergling x2  
  47  6:34  Zergling x2  
  47  6:36  Queen  
  51  6:52  Overlord x2  
  51  7:00  Mutalisk x2  
  55  7:02  Mutalisk  
  55  7:04  Drone x3  
  59  7:17  Mutalisk  
  59  7:19  Drone x2  
  59  7:21  Hatchery  
  62  7:27  Zerg Flyer Weapons Level 1  
  62  7:28  Hatchery  
  62  7:29  Mutalisk  
  63  7:30  Drone  
  64  7:42  Hatchery  
  64  7:43  Infestation Pit  
  62  7:47  Drone  
  62  7:48  Mutalisk  
  65  8:04  Mutalisk  
  62  8:06  Drone x3  
  64  8:20  Mutalisk  
  64  8:21  Mutalisk  
  64  8:22  Drone  
  69  8:31  Mutalisk  
  69  8:57  Corruptor x3  
  69  8:59  Drone x5  
  69  9:00  Drone x3  
  81  9:07  Hive  
  81  9:10  Spore Crawler  
  81  9:13  Spore Crawler  
  79  9:23  Spore Crawler  
  78  9:29  Spore Crawler  
  77  9:36  Corruptor  
  77  9:37  Mutalisk x2  
  82  9:41  Drone x5  
  82  9:42  Drone  
  82  9:45  Extractor x2  
  86  9:48  Spore Crawler  
  85  9:54  Hydralisk Den  
  85  9:56  Evolution Chamber  
  85  9:57  Zerg Flyer Armor Level 1  
  85  9:58  Drone x2, Evolution Chamber  
  84  10:00  Queen  
  84  10:06  Drone x2  
  88  10:07  Mutalisk  
  90  10:16  Drone  
  91  10:27  Drone x2  
  91  10:28  Drone, Hatchery  
  94  10:29  Spore Crawler  
  94  10:30  Spore Crawler  
  94  10:32  Spine Crawler  
  94  10:34  Spine Crawler  
  94  10:35  Drone  
  90  10:36  Drone  
  90  10:37  Queen  
  90  10:38  Spine Crawler  
  90  10:40  Mutalisk  
  90  10:41  Hydralisk  
  96  10:45  Muscular Augments  
  96  10:48  Overlord  
  96  10:50  Overlord  
  96  10:56  Overlord x2  
  96  11:05  Overlord  
  96  11:07  Viper  
  96  11:10  Drone x5  
  104  11:13  Queen  
  92  11:37  Ultralisk Cavern  
  91  11:42  Hydralisk x5  
  91  11:43  Hydralisk x4  
Show
View Real Time Build Order
Export as new Build Order

Massa Terran 

Build Orders: Reaper Expand 

Get SALT Encoding   

  12  0:00  SCV  
  13  0:13  SCV  
  14  0:24  Supply Depot  
  14  0:25  SCV  
  15  0:40  Refinery  
  15  0:45  SCV  
  15  0:49  Barracks  
  16  0:57  SCV  
  17  1:09  SCV  
  18  1:21  SCV  
  19  1:36  Reaper  
  19  1:39  Command Center  
  20  1:45  Orbital Command  
  20  2:04  Supply Depot  
  20  2:08  Marine  
  21  2:11  Factory  
  21  2:13  SCV  
  19  2:37  Barracks  
  19  2:38  Marine  
  19  2:42  SCV  
  20  2:54  SCV  
  20  2:56  Marine  
  22  3:20  Barracks Reactor  
  22  3:24  Marine  
  23  3:33  Orbital Command  
  23  3:36  SCV  
  24  3:46  Marine  
  24  3:48  Starport, SCV  
  25  4:00  SCV  
  25  4:01  SCV  
  27  4:03  Barracks Tech Lab  
  27  4:04  Marine  
  27  4:08  Refinery, Barracks  
  28  4:12  SCV  
  28  4:13  SCV  
  28  4:15  Supply Depot x2  
  30  4:19  Engineering Bay  
  30  4:20  Hellion x2  
  30  4:23  Marine  
  35  4:24  SCV  
  36  4:35  Starport Reactor  
  36  4:41  Hellion x2  
  36  4:44  Marine  
  41  4:46  Marine  
  41  4:47  Stimpack  
  41  4:48  SCV x2  
  44  4:55  Missile Turret  
  44  4:59  Missile Turret  
  44  5:01  Marine  
  44  5:03  Hellion x2  
  49  5:12  Marine  
  50  5:16  Barracks Reactor  
  50  5:19  Marine  
  51  5:24  Hellion x2  
  55  5:30  Marine  
  52  5:37  Marine  
  39  5:51  Medivac  
  39  5:52  Medivac  
  39  5:54  Hellion x2  
  39  5:55  Marine x2  
  39  5:56  Marine x2  
  50  6:04  Factory  
  50  6:13  Marine x2  
  50  6:14  Marine x2  
  50  6:15  Hellion x2  
  56  6:31  Marine x3  
  48  6:36  Marauder  
  48  6:37  Hellion x2  
  52  6:44  Terran Infantry Weapons Level 1  
  52  6:46  Armory  
  52  6:48  Factory Tech Lab  
  52  6:49  Marine x3  
  55  6:57  Marine  
  55  6:58  Hellion x2  
  55  6:59  SCV  
  61  7:06  Marine  
  62  7:16  Supply Depot x2  
  62  7:18  Supply Depot  
  62  7:31  Command Center  
  62  7:37  Marine x2  
  62  7:40  Supply Depot  
  62  7:42  Refinery  
  64  7:46  Widow Mine x3  
  70  8:07  Widow Mine  
  70  8:24  Marauder, Marine  
  70  8:25  Marine x2  
  70  8:26  Combat Shield  
  75  8:38  Terran Infantry Armor Level 1  
  75  8:42  Marine  
  75  8:46  Marauder  
  78  8:55  Marine x2  
  79  8:58  Siege Tank  
  79  8:59  Widow Mine x2  
  79  9:00  Marine  
  88  9:07  Marauder  
  90  9:13  Marine x2  
  90  9:18  Marine  
  90  9:20  Widow Mine x2  
  91  9:29  Marauder  
  91  9:30  Widow Mine  
  91  9:31  Marine x2  
  96  9:36  Marine, Medivac  
  96  9:37  Medivac  
  96  9:38  SCV x2  
  90  9:50  Marauder  
  92  9:52  Marine  
  92  9:53  Marine x2  
  92  9:59  Barracks  
  95  10:00  Barracks  
  95  10:01  Barracks  
  95  10:05  Supply Depot x2  
  95  10:10  Marine  
  95  10:11  Marauder, Marine x2  
  100  10:15  SCV x2  
  102  10:26  Siege Tank  
  102  10:27  SCV x2  
  102  10:28  Widow Mine, Missile Turret  
  109  10:33  Marauder  
  111  10:35  Planetary Fortress  
  111  10:39  SCV x2  
  113  10:53  SCV x2  
  113  10:54  Marauder  
  117  10:59  Medivac  
  117  11:03  Refinery  
  119  11:04  Command Center  
  119  11:05  Barracks Reactor, Barracks Tech Lab, SCV x2  
  119  11:06  Barracks Reactor  
  121  11:17  SCV x2  
  68  11:47  SCV x3  
  68  11:51  Marine x7  
Show
View Real Time Build Order
Export as new Build Order

Furnus Zerg - Winner!

Build Orders: Hatch First, Muta Ling Bane 

Get SALT Encoding   

  12  0:00  Drone  
  13  0:13  Overlord  
  13  0:17  Drone  
  14  0:31  Drone x2  
  16  0:47  Drone  
  17  0:55  Hatchery  
  17  0:57  Drone  
  17  1:11  Drone  
  17  1:16  Extractor  
  17  1:20  Drone  
  18  1:26  Spawning Pool  
  18  1:29  Drone  
  18  1:38  Drone  
  19  1:46  Overlord  
  19  1:57  Drone  
  20  2:01  Drone  
  21  2:12  Drone x2  
  21  2:14  Queen  
  25  2:18  Queen  
  27  2:31  Metabolic Boost  
  27  2:33  Hatchery  
  27  2:34  Zergling x2  
  27  2:38  Zergling x2  
  28  2:51  Drone x3  
  31  3:03  Drone x3  
  34  3:07  Overlord  
  34  3:19  Drone x2  
  36  3:26  Drone  
  38  3:27  Drone x6  
  43  3:34  Overlord  
  43  3:39  Queen  
  43  3:40  Extractor  
  44  3:42  Baneling Nest  
  44  3:43  Drone  
  44  3:45  Drone  
  45  4:01  Extractor  
  44  4:03  Lair  
  44  4:04  Extractor, Drone x3  
  44  4:07  Drone  
  44  4:08  Drone x2  
  50  4:10  Spore Crawler  
  50  4:11  Drone, Spore Crawler  
  50  4:13  Queen  
  50  4:15  Drone  
  52  4:21  Evolution Chamber, Overlord  
  51  4:24  Zergling x2  
  51  4:25  Zergling x2  
  51  4:41  Zergling x18  
  60  4:54  Zergling x10, Spore Crawler  
  60  4:56  Baneling  
  60  4:57  Baneling x3  
  64  5:05  Zergling x4  
  64  5:33  Zergling x2  
  64  5:34  Zergling x2  
  66  5:35  Overlord  
  66  5:36  Overlord x3  
  66  5:40  Centrifical Hooks, Zerg Melee Weapons Level 1  
  62  5:50  Pneumatized Carapace  
  49  6:41  Spire  
  48  6:48  Evolution Chamber  
  48  6:52  Infestation Pit  
  46  6:57  Drone  
  46  6:58  Drone x14  
  46  6:59  Drone  
  62  7:03  Drone x4  
  65  7:14  Drone x3  
  65  7:15  Drone  
  69  7:18  Extractor  
  68  7:23  Hatchery  
  68  7:24  Extractor  
  68  7:26  Extractor, Drone x3  
  68  7:27  Drone x2, Extractor  
  68  7:28  Drone  
  70  7:30  Hive  
  70  7:31  Zerg Ground Armor Level 1  
  70  7:38  Zergling x2  
  70  7:39  Zergling x14  
  70  7:40  Overlord  
  78  7:53  Corruptor x5  
  57  8:12  Mutalisk  
  57  8:13  Mutalisk x5  
  69  8:23  Spore Crawler  
  69  8:25  Queen  
  70  8:33  Mutalisk x2  
  72  9:00  Queen  
  72  9:10  Zergling x2  
  72  9:11  Zergling x22  
  72  9:16  Queen  
  82  9:37  Drone x3  
  82  9:38  Drone x3  
  88  9:39  Drone x3  
  88  9:42  Zerg Flyer Armor Level 1  
  91  9:55  Mutalisk x3  
  91  9:56  Mutalisk  
  99  10:04  Drone x4  
  99  10:05  Hatchery  
  103  10:07  Drone, Hatchery  
  102  10:28  Spine Crawler  
  102  10:32  Spine Crawler  
  102  10:33  Spine Crawler  
  102  10:34  Drone x3  
  103  10:35  Drone  
  103  10:36  Drone x4  
  107  10:47  Queen  
  109  10:50  Drone  
  109  10:51  Drone x2  
  109  10:52  Overlord x3  
  112  11:15  Mutalisk x3  
  112  11:16  Mutalisk x5  
  128  11:20  Overseer  
  128  11:21  Overseer x5  
  128  11:23  Overlord  
Show
View Real Time Build Order
Export as new Build Order

Gamme Zerg - Winner!

Build Orders: Pool First 

Get SALT Encoding   

  12  0:01  Drone  
  13  0:12  Overlord  
  13  0:17  Drone  
  14  0:30  Drone x2  
  16  0:35  Drone  
  17  0:47  Spawning Pool  
  16  0:50  Drone  
  16  0:55  Extractor  
  16  0:56  Drone  
  17  1:19  Hatchery  
  16  1:34  Zergling x6  
  16  1:37  Queen  
  21  1:47  Overlord  
  21  1:57  Drone  
  22  2:01  Metabolic Boost  
  22  2:08  Drone  
  23  2:18  Drone  
  24  2:38  Drone x2  
  24  2:40  Queen  
  28  2:44  Drone  
  28  2:45  Drone  
  29  2:59  Drone x2  
  29  3:00  Drone x2  
  33  3:17  Drone  
  34  3:20  Hatchery  
  34  3:21  Drone, Baneling Nest  
  33  3:29  Zergling x4  
  33  3:31  Overlord  
  35  3:54  Zergling x2  
  35  3:55  Zergling x14  
  43  4:06  Overlord x3  
  43  4:07  Baneling, Overlord  
  43  4:08  Baneling x4  
  43  4:22  Overlord x2  
  38  4:47  Zergling x22  
  49  5:06  Baneling  
  49  5:07  Baneling x4  
  44  5:30  Zergling x20  
  44  5:31  Zergling x4  
  50  5:48  Drone x2  
  50  5:54  Roach Warren  
  49  5:58  Drone x2  
  49  5:59  Drone x5  
  49  6:02  Queen  
  49  6:03  Drone  
  49  6:04  Drone x2  
  61  6:07  Baneling x7  
  47  6:32  Drone x12  
  56  6:36  Extractor  
  56  6:37  Extractor  
  56  6:38  Lair  
  54  6:45  Drone x2  
  54  6:46  Evolution Chamber  
  55  6:51  Evolution Chamber  
  54  7:02  Roach x9  
  72  7:16  Drone, Roach  
  72  7:17  Extractor, Roach x4  
  82  7:31  Zerg Missile Weapons Level 1  
  82  7:33  Drone x3  
  85  7:40  Drone x10  
  95  7:53  Spore Crawler  
  95  7:56  Spore Crawler  
  93  7:58  Burrow  
  93  8:00  Spore Crawler  
  93  8:01  Drone  
  93  8:03  Zerg Ground Armor Level 1  
  93  8:11  Extractor  
  93  8:12  Drone x2  
  94  8:14  Extractor  
  93  8:25  Hydralisk Den  
  92  8:29  Drone  
  93  8:39  Drone  
  93  8:40  Drone x4  
  90  8:43  Centrifical Hooks  
  90  8:46  Zergling x22  
  90  8:47  Zergling x2  
  86  9:12  Hydralisk  
  86  9:13  Hydralisk x5  
  84  9:31  Hydralisk x3  
  84  9:32  Hydralisk x4  
  84  9:35  Overlord x3  
  84  9:36  Overlord  
  98  9:39  Zerg Missile Weapons Level 2  
  98  9:47  Hatchery  
  98  9:52  Hatchery  
  96  9:53  Overseer  
  96  9:57  Zergling x6  
  96  9:58  Zergling x16  
  107  10:18  Hatchery  
  107  10:20  Grooved Spines  
  106  10:21  Hydralisk x2  
  106  10:22  Hydralisk x7  
  106  10:23  Zergling x4  
  126  10:29  Baneling x5  
  126  10:30  Baneling  
  126  10:50  Hydralisk x2  
  126  10:54  Overlord x4  
  130  11:10  Zergling x24  
  142  11:15  Overlord x3  
  142  11:16  Baneling x4  
  116  11:45  Zergling x16  
  116  11:46  Zergling x24  
  132  11:55  Baneling x9  
  132  11:56  Baneling x9  
Tags
 
Add a new tag
Caveats
  • Supply blocks, unpowered buildings, or Contaminate may cause inaccurate times.
  • Supply counts are checked every 10 seconds.